 Dungeon Crawl Stone Soup version 0.24.1-11-gbbbb2193e6 (webtiles) character file.

Game seed: 11604542826087200166, levelgen mode: deterministic

83 RaHiT the Slasher (level 4, -20/35 HPs)
             Began as a Demonspawn Chaos Knight on May 12, 2020.
             Was a Plaything of Xom.
             Demolished by a caustic shrike (glowing shapeshifter) (24 damage)
             ... on level 2 of the Dungeon.
             The game lasted 00:05:46 (1712 turns).

RaHiT the Slasher (Demonspawn Chaos Knight)         Turns: 1712, Time: 00:05:47

Health: -20/35     AC:  5    Str: 12    XL:     4   Next: 22%
Magic:  4/4        EV: 11    Int: 15    God:    Xom [.....*]
Gold:   105        SH:  0    Dex: 12    Spells: 4/4 levels left

rFire    . . .     SeeInvis .   a - +0 falchion (chaos)
rCold    . . .     Gourm    .   (no shield)
rNeg     . . .     Faith    .   b - +2 leather armour
rPois    .         Spirit   .   (no helmet)
rElec    .         Reflect  .   (no cloak)
rCorr    .         Harm     .   (no gloves)
MR       .....                  (no boots)
Stlth    ++........             (no amulet)
HPRegen  0.11/turn              (no ring)
MPRegen  0.09/turn              (no ring)

@: no status effects
A: claws 1, nightstalker 1
a: Renounce Religion


You were on level 2 of the Dungeon.
You worshipped Xom.
You were Xom's teddy bear.
You were not hungry.

You visited 1 branch of the dungeon, and saw 2 of its levels.

You collected 105 gold pieces.

Inventory:

Hand Weapons
 a - a +0 falchion of chaos (weapon)
Armour
 b - a +2 leather armour (worn)
Scrolls
 e - 2 scrolls of noise {unknown}
 f - a scroll of remove curse {unknown}
 g - 2 scrolls of identify {unknown}
 k - a scroll of immolation {unknown}
Potions
 d - a potion of brilliance {unknown}
 h - a potion of curing {unknown}
 j - a potion of flight
 l - a potion of agility {unknown}
Comestibles
 c - 2 rations
 i - 2 chunks of flesh


   Skills:
 + Level 3.4 Fighting
 * Level 3.4 Long Blades
 + Level 1.1 Throwing
 - Level 2.1 Armour
 + Level 1.7 Dodging
 + Level 0.5 Spellcasting


You had 4 spell levels left.
You didn't know any spells.
Your spell library was empty.

Dungeon Overview and Level Annotations

Branches:
Dungeon (2/15)

Altars:
Hepliaklqana
Xom


Innate Abilities, Weirdness & Mutations

You have sharp fingernails.
You are slightly more attuned to the shadows.


Message History

Your iron imp hits the azure jelly.
The azure jelly hits your quasit! The azure jelly freezes your quasit!!
Your quasit resists.
Your quasit dies!
The azure jelly changes into a frost giant!
Your ice devil hits the frost giant but does no damage.
Your iron imp hits the frost giant.
The frost giant changes into a caustic shrike!
Your shadow imp barely misses the caustic shrike.
Your ice devil closely misses the caustic shrike.
You swap places.
The caustic shrike claws you!!
Ouch! That really hurt!
Xom thinks this is hilarious!
You are splashed with acid!
* * * LOW HITPOINT WARNING * * *
Your shadow imp misses the caustic shrike.
The caustic shrike claws you!!
Ouch! That really hurt!
You die...
Xom laughs nastily!

#.........#.....#.###
##......#....#.....#....
........##...#.....#....
.....#....##.......#....
....#.............##...
........(........##.##
#..5...........##.##
.#..4b..#............
.##.@5..##########.## ##
..#..........# #.#
##Z######.#..........# #.#
##ยง#r##.'..##>........#
#.#
#.#####.#..##.###.....#
#.# #r#_...##.##.###.....#
#.#
#######...##...#.#.......#
#.#
..#.###.._##..##.#......##
#.#
....#...###.............#
#.##


You could see a caustic shrike shaped shifter, a friendly ice devil, a friendly
iron imp and a friendly shadow imp.

Vanquished Creatures
  A gnoll (D:1)
  An adder (D:1)
  3 dart slugs (D:1)
  2 leopard geckos (D:2)
  A giant cockroach (D:1)
  6 hobgoblins (D:1)
  4 jackals
  A ball python (D:1)
  4 bats
  2 frilled lizards (D:1)
  8 goblins
  7 kobolds
  6 rats (D:1)
46 creatures vanquished.

Vanquished Creatures (collateral kills)
  An adder (D:2)
  A dart slug (D:2)
  3 jackals (D:2)
5 creatures vanquished.

Grand Total: 51 creatures vanquished

Notes
Turn   | Place    | Note
-------+----------+-------------------------------------------
     0 | D:1      | RaHiT the Demonspawn Chaos Knight began the quest for the
                  | Orb.
     0 | D:1      | Reached XP level 1. HP: 18/18 MP: 1/1
    34 | D:1      | Reached skill level 1 in Dodging
   397 | D:1      | Gained mutation: You have sharp fingernails. [demonic
                  | ancestry]
   397 | D:1      | Reached XP level 2. HP: 24/24 MP: 2/2
   442 | D:1      | XOM: noise
   443 | D:1      | XOM: butterfly on damage
   484 | D:1      | Reached XP level 3. HP: 12/29 MP: 3/3
   901 | D:1      | XOM: silly message
  1141 | D:2      | XOM: medium Hex miscast
  1143 | D:2      | XOM: cast spell 'Call Canine Familiar'
  1221 | D:2      | Reached skill level 1 in Throwing
  1326 | D:2      | Noticed a glowing shapeshifter
  1326 | D:2      | an adder changed into a glowing shapeshifter
  1326 | D:2      | Noticed a slime creature
  1326 | D:2      | a glowing shapeshifter changed into a slime creature
  1332 | D:2      | Noticed a two-headed ogre
  1332 | D:2      | a slime creature changed into a two-headed ogre
  1333 | D:2      | Noticed a faun
  1333 | D:2      | a two-headed ogre changed into a faun
  1341 | D:2      | Noticed an eye of devastation
  1341 | D:2      | a faun changed into an eye of devastation
  1342 | D:2      | XOM: confusion (+ monsters)
  1350 | D:1      | XOM: harmless Chrm miscast
  1363 | D:1      | XOM: mild Chrm miscast
  1538 | D:1      | XOM: god gift: lumpy amethyst potion {god gift}
  1564 | D:1      | XOM: scenery: create altars
  1593 | D:1      | Gained mutation: You are slightly more attuned to the
                  | shadows. [demonic ancestry]
  1593 | D:1      | Reached XP level 4. HP: 33/35 MP: 4/4
  1682 | D:2      | Found a shimmering altar of Xom.
  1683 | D:2      | Found a hazy altar of Hepliaklqana.
  1684 | D:2      | Noticed a spectral ugly thing
  1704 | D:2      | Noticed an azure jelly
  1705 | D:2      | XOM: summons 4 friendly demons
  1710 | D:2      | Noticed a frost giant
  1710 | D:2      | an azure jelly changed into a frost giant
  1711 | D:2      | Noticed a caustic shrike
  1711 | D:2      | a frost giant changed into a caustic shrike
  1712 | D:2      | Demolished by a caustic shrike (glowing shapeshifter)

Levels and vault maps discovered:
D:1:      dpeg_arrival_morbid_curiosity, layout_basic
D:2:      layout_basic, regret_index_temple_of_mockery,
          nicolae_overflow_crystal_walls, minmay_crystal_water,
          minmay_tiny_reverse_x, uniq_terence

Skill      XL: |  1  2  3 |
---------------+----------+-----
Dodging        | 1 |  1.7
Armour         | 2 |  2.1
Long Blades    | 3 |  3.4
Throwing       | 1 |  1.1
Fighting       | |  3.4
Spellcasting   | |  0.5

Action                   |  1- 3 |  4- 6 || total
-------------------------+-------+-------++-------
Melee: Falchion          |   135 |    12 ||   147
  Use: Potion            |     1 |       ||     1
  Eat: Chunk             |     2 |     1 ||     3
Armor: Leather armour    |    59 |     3 ||    62
Dodge: Dodged            |    86 |     8 ||    94
       Rpst.: Falchion   |    16 |     4 ||    20
